 Dungeon Crawl Stone Soup version 0.30-a0-414-gcb316572d5 (webtiles) character file.

Game seed: 375162177237586267

20337 Midn8 the Grappler (level 13, -2/97 HPs)
             Began as a Djinni Reaver on Dec 7, 2022.
             Was an Elder of Makhleb.
             Slain by a five-headed hydra (12 damage)
             ... on level 3 of the Lair of Beasts on Dec 8, 2022.
             The game lasted 00:40:41 (15394 turns).

Midn8 the Grappler (Djinni Reaver)                 Turns: 15394, Time: 00:40:42

Health: -2/97      AC: 25    Str: 23    XL:     13   Next: 11%
Gold:   978        EV: 10    Int: 24    God:    Makhleb [****..] SH:  0 Dex: 12

rFire   + + .      SeeInvis .      - Unarmed
rCold   x . .      Faith    .    (no shield)
rNeg    + . .      Spirit   .    D - +1 pearl dragon scales
rPois   ∞          Reflect  .    m - +1 helmet
rElec   .          Harm     .    x - +2 cloak
rCorr   .          Rampage  .    N - +1 pair of gloves
Will    +....                    (boots unavailable)
Stlth   ..........               H - amulet of the acrobat
HPRegen 0.36/turn                r - +6 ring of strength
MPRegen 0.00/turn                J - ring of Hets {AC+4 Str+4 Int+6}

@: frozen, flying, very slow
A: sickness immunity, fire resistance 2, cold vulnerability 1, float, innate
caster, HP casting, extra vitality 1
a: Renounce Religion, Minor Destruction, Lesser Servant of Makhleb, Major
Destruction


You were on level 3 of the Lair of Beasts.
You worshipped Makhleb.
Makhleb was greatly pleased with you.
You visited 3 branches of the dungeon, and saw 15 of its levels.

You collected 978 gold pieces.

Inventory:

Hand Weapons
 w - the +11 long sword of Goem {vorpal, rElec rF- rCorr Str+8}
   (You found it on level 4 of the Dungeon)

   It inflicts extra damage upon your enemies.
   Str:       It affects your strength (+8).
   rF:        It makes you vulnerable to fire.
   rElec:     It insulates you from electricity.
   rCorr:     It protects you from acid and corrosion.
Missiles
 b - 111 stones
 h - 9 atropa-tipped darts
 A - 6 curare-tipped darts
 B - 25 poisoned darts (quivered)
 K - 3 throwing nets
Armour
 m - a +1 helmet (worn)
 x - a +2 cloak (worn)
 D - +1 pearl dragon scales (worn)
 N - a +1 pair of gloves (worn)
Jewellery
 r - a +6 ring of strength (left hand)
 t - a ring of protection from cold
 H - an amulet of the acrobat (around neck)
 J - the ring of Hets (right hand) {AC+4 Str+4 Int+6}
   (You found it on level 6 of the Dungeon)

   [ring of protection]

   AC:        It affects your AC (+4).
   Str:       It affects your strength (+4).
   Int:       It affects your intelligence (+6).
 M - a ring of resist corrosion
Wands
 l - a wand of flame (23)
 o - a wand of roots (17)
 s - a wand of digging (9)
 z - a wand of polymorph (9)
 C - a wand of light (9)
 L - a wand of charming (15)
Scrolls
 c - 2 scrolls of magic mapping
 g - 2 scrolls of fear
 j - 4 scrolls of vulnerability
 v - 2 scrolls of immolation
 y - 2 scrolls of enchant weapon
 E - 2 scrolls of teleportation
 F - a scroll of fog
 O - a scroll of poison
Potions
 d - 5 potions of heal wounds
 e - 5 potions of lignification
 f - 4 potions of flight
 i - 8 potions of curing
 k - 2 potions of might
 n - a potion of berserk rage
 p - a potion of brilliance {unknown}
 q - a potion of invisibility {unknown}
 u - 2 potions of mutation
 G - 2 potions of cancellation
 I - 3 potions of attraction


   Skills:
 + Level 10.6 Fighting
 - Level 6.0 Armour
 - Level 2.1 Dodging
 - Level 14.0 Unarmed Combat
 - Level 7.0 Spellcasting
 - Level 6.0 Invocations


You had 2 spell levels left.
You knew the following spells:

 Your Spells              Type           Power      Damage    Failure   Level
a - Foxfire               Conj/Fire      100%       2x1d9     1%          1
b - Lesser Beckoning      Tloc           84%        N/A       3%          3
c - Confusing Touch       Hex            42%        N/A       3%          3
d - Kiss of Death         Conj/Necr      100%       2d13      1%          1
e - Ensorcelled Hibernat  Hex/Ice        84%        N/A       1%          2
f - Hailstorm             Conj/Ice       42%        3d10      3%          3
g - Anguish               Hex/Necr       21%        N/A       11%         4
s - Momentum Strike       Conj/Tloc      84%        3d10      1%          2
y - Yara's Violent Unrav  Hex/Tmut       21%        3d10      30%         5
Your spell library was empty.

Dungeon Overview and Level Annotations

Branches:
Dungeon (11/15)            Temple (1/1) D:4            Lair (3/5) D:11
 Shoals (0/4) Lair:2        Snake (0/4) Lair:2          Orc (0/2) D:9

Altars:
Ashenzari
Cheibriados
Dithmenos
Elyvilon
Fedhas
Gozag
Hepliaklqana
Makhleb
Nemelex Xobeh
Okawaru
Qazlal
Ru
Trog
Uskayaw
Wu Jian
Xom
Yredelemnul
Zin
The Shining One

Shops:
D:1 =   D:8 (   D:11 (


Innate Abilities, Weirdness & Mutations

You are immune to sickness and miasma.
You are immune to poison.
Your flesh is very heat resistant. (rF++)
You are vulnerable to cold. (rC-)
You float through the air rather than walking.
You learn spells naturally, not from books.
Your magical power is your life essence.
You have superior vitality. (+4 MHP)


Message History

The five-headed hydra is moderately wounded.
The rime drake bites you but does no damage.
You barely miss the five-headed hydra.
The five-headed hydra is moderately wounded.
The rime drake breathes ice at you. The icy flash freeze hits you!!
You feel a painful chill!
You are encased in ice.
The five-headed hydra bites you but does no damage.
The five-headed hydra bites you!
The five-headed hydra closely misses you.
The five-headed hydra bites you but does no damage. x2
You barely miss the five-headed hydra.
The five-headed hydra is moderately wounded.
The rime drake barely misses you.
The five-headed hydra bites you but does no damage.
The five-headed hydra closely misses you.
The five-headed hydra bites you.
The five-headed hydra barely misses you.
The five-headed hydra closely misses you.
You punch the five-headed hydra!
The five-headed hydra is heavily wounded.
The rime drake barely misses you.
You hit the five-headed hydra but do no damage.
The five-headed hydra is heavily wounded.
The five-headed hydra completely misses you.
The five-headed hydra barely misses you.
The five-headed hydra bites you but does no damage.
The five-headed hydra bites you!
The five-headed hydra bites you but does no damage.
The rime drake bites you.
* * * LOW HITPOINT WARNING * * *
You barely miss the five-headed hydra.
The five-headed hydra is heavily wounded.
The five-headed hydra bites you!
* * * LOW HITPOINT WARNING * * *
The five-headed hydra bites you.
* * * LOW HITPOINT WARNING * * *
The five-headed hydra bites you but does no damage.
The five-headed hydra bites you!
You die...

###.###....#########...#
#....#......# #.###..#
#.#.#......#######.....#.#
#P.....#.........#............
#..##.#........P.P.##..##.#P#.
#. ...P.............#..######
# ..#..............###.P#
#.##.#.........#.P###.### #..
#..#.....@....###....##. ##
#.##.##..kD..<............
#..###..........#####..
.##.......########
........#.#######.##P.
...P....#..#.....D....
................P####..
.......#.P####P### ###.#.#####
###


You could see a five-headed hydra and a rime drake.

Vanquished Creatures
  A hydra (Lair:2)
  Erica (D:11)
  A catoblepas (Lair:2)
  3 two-headed ogres
  A black mamba (Lair:2)
  A merfolk siren (Lair:2)
  2 gargoyles
  6 cane toads
  A komodo dragon (Lair:1)
  3 merfolk (Lair:2)
  A troll (D:11)
  A hornet (D:9)
  9 blink frogs
  A wyvern (D:9)
  2 wraiths (D:11)
  21 yaks
  A steam dragon (D:7)
  6 vampire mosquitoes
  2 acid dragons (D:9)
  4 water moccasins
  8 orc warriors
  A sky beast (D:6)
  3 ogres
  A black bear (D:11)
  2 ice beasts (D:6)
  A centaur (D:9)
  5 wolves (Lair:1)
  5 phantoms
  3 kobold brigands
  11 bullfrogs
  4 gnoll sergeants
  2 necrophages (D:6)
  4 scorpions
  2 troll zombies (D:9)
  7 wights (D:8)
  7 killer bees
  3 jellies
  4 hounds
  5 orc priests
  2 gnoll boudas
  2 iguanas
  12 orc wizards
  Terence (D:3)
  4 ogre zombies (D:9)
  Robin (D:2)
  25 gnolls
  12 adders
  2 white imps
  4 ufetubi
  A worm (D:2)
  4 dart slugs
  38 orcs
  9 endoplasms
  4 giant cockroaches
  16 goblins
  8 hobgoblins
  5 jackals
  2 quokkas
  10 ball pythons
  5 bats
  3 frilled lizards
  A goblin skeleton (D:9)
  A goblin zombie (D:9)
  A hobgoblin zombie (D:9)
  13 kobolds
  2 orc skeletons (D:9)
  14 orc zombies (D:9)
  7 rats
355 creatures vanquished.

Vanquished Creatures (collateral kills)
  2 foxfires (D:2)
2 creatures vanquished.

Vanquished Creatures (others)
  An unseen horror (D:11)
  A black bear (D:6)
  An ogre (D:4)
  A jelly (D:5)
  2 orcs
  456 foxfires
  7 fungi
  29 plants
  6 toadstools (D:9)
504 creatures vanquished.

Grand Total: 861 creatures vanquished

Notes
Turn   | Place    | Note
-------+----------+-------------------------------------------
     0 | D:1      | Midn8 the Djinni Reaver began the quest for the Orb.
     0 | D:1      | Midn8 set off with the following spells memorised: Kiss of
                  | Death, Momentum Strike, Hailstorm.
     0 | D:1      | Reached XP level 1. HP: 18/18 MP: 0/0
   103 | D:1      | Found a faded altar of an unknown god.
   323 | D:1      | Found Oleatud's Jewellery Shop.
   340 | D:1      | Reached XP level 2. HP: 22/23 MP: 0/0
   487 | D:1      | Reached skill level 4 in Unarmed Combat
   487 | D:1      | Reached XP level 3. HP: 26/26 MP: 0/0
   487 | D:1      | Learned a level 1 spell: Foxfire
   853 | D:2      | Found a shimmering altar of Xom.
   993 | D:2      | Reached XP level 4. HP: 16/33 MP: 0/0
  1361 | D:2      | Reached skill level 5 in Unarmed Combat
  1508 | D:2      | Noticed Robin
  1533 | D:2      | Killed Robin
  1548 | D:2      | Reached XP level 5. HP: 29/38 MP: 0/0
  1548 | D:2      | Learned a level 2 spell: Ensorcelled Hibernation
  2009 | D:3      | Noticed Terence
  2012 | D:3      | Killed Terence
  2151 | D:3      | Reached skill level 6 in Unarmed Combat
  2772 | D:4      | Identified the +11 long sword of Goem {vorpal, rElec rF-
                  | rCorr Str+8}
  2821 | D:4      | Noticed a phantom
  2831 | D:4      | Killed a phantom
  2832 | D:4      | Reached XP level 6. HP: 19/43 MP: 0/0
  3011 | D:4      | Found a staircase to the Ecumenical Temple.
  3025 | D:4      | Noticed an ogre
  3035 | D:4      | Killed an ogre
  3036 | D:4      | Reached XP level 7. HP: 16/48 MP: 0/0
  3036 | D:4      | Learned a level 3 spell: Confusing Touch
  3831 | D:5      | Entered Level 5 of the Dungeon
  3844 | Temple   | Entered the Ecumenical Temple
  4315 | Temple   | Became a worshipper of Makhleb the Destroyer
  4621 | D:5      | Reached XP level 8. HP: 44/58 MP: 0/0
  4690 | D:5      | Reached skill level 7 in Unarmed Combat
  5511 | D:6      | Reached skill level 8 in Unarmed Combat
  5911 | D:6      | Reached * piety under Makhleb
  6083 | D:6      | Identified the +7 sling of Death's Door {flame, rElec MP+9
                  | Int-4}
  6103 | D:6      | Reached skill level 5 in Spellcasting
  6195 | D:6      | Reached XP level 9. HP: 50/62 MP: 0/0
  6195 | D:6      | Learned a level 3 spell: Lesser Beckoning
  6578 | D:6      | Identified the ring of Hets {AC+4 Str+4 Int+6}
  6837 | D:7      | Reached skill level 1 in Armour
  6866 | D:7      | Reached skill level 5 in Fighting
  7173 | D:7      | Found a bloodstained altar of Trog.
  7178 | D:7      | Found a glowing silver altar of Zin.
  7183 | D:7      | Found a stormy altar of Qazlal.
  7186 | D:7      | Found a shimmering altar of Xom.
  7188 | D:7      | Found a sacrificial altar of Ru.
  7399 | D:7      | Reached ** piety under Makhleb
  7629 | D:8      | Reached XP level 10. HP: 70/72 MP: 0/0
  7708 | D:8      | Found an iron altar of Okawaru.
  7726 | D:8      | Reached skill level 9 in Unarmed Combat
  7775 | D:8      | Found Bamiyb's Antique Weapon Boutique.
  8057 | D:8      | Noticed a two-headed ogre
  8073 | D:8      | Killed a two-headed ogre
  8074 | D:8      | Reached skill level 10 in Unarmed Combat
  8402 | D:8      | Found a white marble altar of Elyvilon.
  9129 | D:9      | Reached *** piety under Makhleb
  9195 | D:9      | Reached skill level 1 in Invocations
  9697 | D:9      | Reached XP level 11. HP: 81/81 MP: 0/0
  9697 | D:9      | Learned a level 4 spell: Anguish
  9729 | D:9      | Found a staircase to the Orcish Mines.
  9933 | D:9      | Reached skill level 5 in Invocations
  9935 | D:9      | Reached **** piety under Makhleb
 10247 | D:10     | Entered Level 10 of the Dungeon
 10968 | D:10     | Noticed a two-headed ogre
 10990 | D:10     | Killed a two-headed ogre
 11553 | D:11     | Noticed Erica
 11712 | D:11     | Killed Erica
 11786 | D:11     | Reached skill level 11 in Unarmed Combat
 12098 | D:11     | Noticed a two-headed ogre
 12106 | D:11     | Killed a two-headed ogre
 12235 | D:11     | Found a staircase to the Lair.
 12338 | D:11     | Reached skill level 12 in Unarmed Combat
 12514 | D:11     | Reached skill level 5 in Armour
 12607 | D:11     | Found Lughi's Antique Weapon Boutique.
 12671 | D:11     | Reached XP level 12. HP: 66/86 MP: 0/0
 13083 | Lair:1   | Entered Level 1 of the Lair of Beasts
 13445 | Lair:1   | Reached skill level 10 in Fighting
 13974 | Lair:2   | Identified the +4 chain mail of Weightlessness {Rampage
                  | rPois Regen+ Int-4}
 14016 | Lair:2   | Noticed a catoblepas
 14263 | Lair:2   | Noticed a four-headed hydra
 14270 | Lair:2   | Killed a four-headed hydra
 14271 | Lair:2   | Reached skill level 13 in Unarmed Combat
 14632 | Lair:2   | Found a staircase to the Snake Pit.
 14714 | Lair:2   | Found a staircase to the Shoals.
 14783 | Lair:2   | Reached XP level 13. HP: 91/96 MP: 0/0
 14783 | Lair:2   | Learned a level 5 spell: Yara's Violent Unravelling
 14976 | Lair:2   | Killed a catoblepas
 14977 | Lair:2   | Reached skill level 14 in Unarmed Combat
 15368 | Lair:3   | Noticed a five-headed hydra
 15394 | Lair:3   | Slain by a five-headed hydra

Illustrated notes

Levels and vault maps discovered:
D:1:      erik_arrival_orb_chamber, layout_basic, serial_shops,
          nicolae_shop_advertising_works [nicolae_subvault_shop_adworks],
          shapermc_ecumenical_altar_notcrosses, minmay_fountain_box,
          minmay_vboxes
D:2:      layout_loops_ring, basic_altar, serial_bayou_ford_a,
          minmay_joined_circles, uniq_robin
D:3:      layout_loops_ring, uniq_terence
D:4:      minmay_octagon_keep, layout_basic, minmay_temple_entry_sparse_star,
          grunt_decor_one_mirror
D:5:      layout_gridville
D:6:      minmay_clustersquares, layout_basic, kennysheep_generic_room_7
D:7:      layout_basic, nicolae_overflow_hallway_of_the_gods
D:8:      layout_basic, mainiacjoe_overflow_concentric_impassable,
          elyvilon_altar_3, serial_shops, nicolae_inconvenience_store
D:9:      layout_loops_ring, zombieorc1_lemuel, minmay_gold_behind_fungi,
          roderic_lattice_a
D:10:     layout_loops_ring
D:11:     layout_basic, grunt_lair_entry_orc_guard_hut, serial_shops,
          kennysheep_mini_moat, lemuel_another_geyser, uniq_erica
Temple:   eino_temple_water
Lair:1:   layout_hall_layers, grunt_megastairs_1
Lair:2:   layout_regular_city, elwin_shoals_entry_stream, dummy_snake_entry
Lair:3:   layout_loops_ring, beast_lair_carwin_7

Skill      XL: |  1  2  3  4  5  6  7  8  9 10 11 12 13 |
---------------+----------------------------------------+-----
Unarmed Combat | 4 5 6 8 10 12 13 14 | 14.0
Spellcasting   | 3 4 5 7 |  7.0
Fighting       | 4 6 8 10 | 10.6
Armour         | 2 5 6 |  6.0
Invocations    | 4 6 |  6.0
Dodging        | |  2.1

Action                   |  1- 3 |  4- 6 |  7- 9 | 10-12 | 13-15 || total
-------------------------+-------+-------+-------+-------+-------++-------
Melee: Unarmed           |    64 |   110 |   257 |   662 |    47 ||  1140
       Punch             |     3 |     4 |    12 |    46 |     2 ||    67
Throw: Dart              |       |       |     4 |       |       ||     4
 Cast: Kiss of Death     |     1 |     2 |     1 |     2 |       ||     6
       Foxfire           |    18 |    42 |    91 |    94 |    11 ||   256
       Momentum Strike   |       |     1 |    18 |     1 |       ||    20
       Hailstorm         |       |       |    30 |    24 |       ||    54
       Confusing Touch   |       |       |     2 |     1 |       ||     3
       Ensorcelled Hiber |       |       |       |     1 |     1 ||     2
       Anguish           |       |       |       |     2 |       ||     2
  Use: Scroll            |     5 |     5 |       |    13 |       ||    23
       Potion            |       |       |     3 |     1 |       ||     4
 Stab: Confused          |       |       |     1 |       |       ||     1
Armor: Leather armour    |    11 |    33 |     4 |       |       ||    48
       Robe              |       |       |    57 |       |       ||    57
       Pearl dragon scal |       |       |    71 |   347 |    36 ||   454
Dodge: Dodged            |    27 |    62 |   158 |   262 |    30 ||   539

Table legend: (Time is in decaauts)
 A = Elapsed time spent in this place.
 B = Non-inter-level travel time spent in this place.
 C = Inter-level travel time spent in this place.
 D = Time resting spent in this place.
 E = Time spent auto-exploring this place.
 F = Levels seen in this place.
 G = Mean time per level.
                   A        B        C        D        E       F      G
               +--------+--------+--------+--------+--------+-----+--------+
         Total |  15197 |  14728 |    469 |   3516 |   8403 |  15 | 1013.1 |
       Dungeon |  12462 |  12054 |    408 |   2876 |   6888 |  11 | 1132.9 |
        Temple |    487 |    472 |     15 |      0 |    412 |   1 |  487.0 |
          Lair |   2247 |   2201 |     46 |    640 |   1103 |   3 |  749.0 |
               +--------+--------+--------+--------+--------+-----+--------+

Top non-repeatable levels by time:
    D:11: 1602 daAuts
     D:8: 1471 daAuts
     D:6: 1357 daAuts
     D:2: 1275 daAuts
     D:9: 1229 daAuts
    D:10: 1195 daAuts
     D:4: 1147 daAuts
     D:5: 1066 daAuts
  Lair:2: 1052 daAuts
  Lair:1: 967 daAuts
     D:1: 799 daAuts
     D:7: 710 daAuts
     D:3: 606 daAuts
  Temple: 487 daAuts
  Lair:3: 227 daAuts
